 Dungeon Crawl Stone Soup version 0.16.2 (webtiles) character file.

60 poirepourri the Chopper (level 3, -2/51 HPs)
             Began as a Deep Dwarf Berserker on Aug 13, 2015.
             Was a Believer of Trog.
             Slain by Sigmund
             ... wielding a +0 scythe
              (9 damage)
             ... on level 2 of the Dungeon.
             The game lasted 00:02:58 (1624 turns).

poirepourri the Chopper (Deep Dwarf Berserker)      Turns: 1624, Time: 00:02:58

Health: -2/51      AC:  4    Str: 26      XL:     3   Next: 82%
Magic:  3/3        EV: 12    Int:  7      God:    Trog [**....]
Gold:   89         SH:  0    Dex: 11 (12) Spells: 0 memorised, 2 levels left

rFire  . . .     SeeInvis .     a - +0 hand axe
rCold  . . .     Clarity  .     e - +0 leather armour
rNeg   . . .     SustAb   .     (no shield)
rPois  .         Gourm    .     (no helmet)
rElec  .         Spirit   .     j - +0 cloak
rCorr  .         Warding  .     (no gloves)
rMut   .         Stasis   .     (no boots)
MR     ++...                    (no amulet)
Stlth  ..........               (no ring)
                                (no ring)

@: mighty, berserking, non-regenerating, very quick, very resistant to hostile
enchantments, extremely unstealthy
A: damage resistance, recharge devices, sense surroundings 1, slow healing 3
a: Device Recharging, Burn Spellbooks, Berserk, Trog's Hand, Renounce Religion


You were on level 2 of the Dungeon.
You worshipped Trog.
Trog was pleased with you.
You were not hungry.

You visited 1 branch of the dungeon, and saw 2 of its levels.

You collected 89 gold pieces.

Inventory:

Hand weapons
 a - a +0 hand axe (weapon)
Armour
 b - a +0 animal skin
 e - a +0 leather armour (worn)
 j - a +0 cloak (worn)
Magical devices
 c - a wand of heal wounds (5)
Scrolls
 g - a scroll of immolation {unknown}
Comestibles
 d - a bread ration
 f - a meat ration


   Skills:
 * Level 3.0 Fighting
 + Level 4.1 Axes
 + Level 2.5 Armour
 + Level 2.9 Dodging
 + Level 1.3 Stealth


You had 2 spell levels left.
You didn't know any spells.

Dungeon Overview and Level Annotations

Branches:
Dungeon (2/15)

Altars:

Annotations:
D:2 Sigmund


Innate Abilities, Weirdness & Mutations

You are resistant to damage.
You can recharge devices by infusing magical energy.
You passively map a small area around you.
You do not heal naturally.


Message History

You barely miss something. Something hits you but does no damage.
Drink which item? (? for menu, Esc to quit)
It was a potion of might.
You feel very mighty all of a sudden.
Use which ability? (? or * to list)
A red film seems to cover your vision as you go berserk!
You feel yourself moving faster!
You feel mighty!
You feel somewhat more hungry. Something hits you!
* * * LOW HITPOINT WARNING * * *
You closely miss something. Something hits you!
* * * LOW HITPOINT WARNING * * *
You miss something. You closely miss something. Something barely misses you.
You completely miss something. You miss something. Something hits you!
* * * LOW HITPOINT WARNING * * *
You closely miss something. You barely miss something. You slash something!
Something hits you!
You die...

* #.#######.###
#.#.### *
..........#
#.#.# , ,,
#........##
#.#.# ########.#
#.#.# #.# #.#.#
* #.# #.#..
############.###
#.##.* ,
$..............#
#.# . , ,
........@###.#.#
#.# . ##.###.#{#
#.#.# #.## #.#.#
#.# # #... , #
#.. ... * ####
### #.# , * *
#.# * * #.., ,
... * * *###


There were no monsters in sight!

Vanquished Creatures
  An adder (D:2)
  A giant mite (D:1)
  2 worms (D:2)
  A giant gecko (D:1)
  7 bats
  3 goblins (D:1)
  3 hobgoblins (D:1)
  3 jackals (D:1)
  2 ball pythons
  2 giant newts
  6 kobolds
  2 rats (D:1)
33 creatures vanquished.

Notes
Turn   | Place    | Note
--------------------------------------------------------------
     0 | D:1      | poirepourri, the Deep Dwarf Berserker, began the quest for the Orb.
     0 | D:1      | Reached XP level 1. HP: 20/20 MP: 1/1
   406 | D:1      | Reached XP level 2. HP: 25/27 MP: 2/2
   489 | D:1      | Acquired Trog's second power
   527 | D:1      | Reached skill level 1 in Stealth
   561 | D:1      | Reached XP level 3. HP: 15/33 MP: 3/3
   578 | D:1      | Reached skill level 4 in Axes
  1608 | D:2      | Noticed Sigmund
  1624 | D:2      | Slain by Sigmund

Action                   || total
-------------------------++-------
Melee: Hand axe          ||   128
Invok: Trog's Hand       ||     3
       Berserk           ||     1
  Use: Potion            ||     4
       Scroll            ||     4
 Stab: Sleeping          ||     1
  Eat: Bread ration      ||     1
